 Dungeon Crawl Stone Soup version 0.27-a0-1555-g0e7b3fb1d2 (webtiles) character file.

Game seed: 18385165541201179719

344 Bapho the Slasher (level 6, 0/47 HPs)
             Began as a Human Monk on July 15, 2021.
             Slain by a scorpion (2 damage)
             ... on level 3 of the Dungeon.
             The game lasted 00:06:29 (4334 turns).

Bapho the Slasher (Human Monk)                      Turns: 4334, Time: 00:06:29

Health: 0/47       AC:  7    Str: 11 (13) XL:     6   Next: 89%
Magic:  6/6        EV:  9    Int: 10 (11) God:
Gold:   164        SH:  5    Dex: 14 (15) Spells: 5/5 levels left

rFire    + . .     SeeInvis .   a - +1 falchion
rCold    . . .     Faith    .   (no shield)
rNeg     . . .     Spirit   .   o - +1 scale mail {rF+}
rPois    .         Reflect  +   (no helmet)
rElec    .         Harm     .   (no cloak)
rCorr    .         Rampage  .   (no gloves)
Will     .....                  (no boots)
Stlth    +.........             e - amulet of reflection
HPRegen  0.15/turn              p - ring of flight
MPRegen  0.10/turn              (no ring)

@: lethally poisoned (0 -> -5), flying
A: no striking features
a: no special abilities


You were on level 3 of the Dungeon.
You visited 1 branch of the dungeon, and saw 4 of its levels.

You collected 164 gold pieces.

Inventory:

Hand Weapons
 a - a +1 falchion (weapon)
 b - a +0 hunting sling
Missiles
 d - 37 stones (quivered)
 l - 51 sling bullets
Armour
 k - a +0 robe
 o - a +1 scale mail of fire resistance (worn)
Jewellery
 e - an amulet of reflection (around neck)
 i - an amulet of faith
 p - a ring of flight (left hand)
Wands
 q - a wand of digging (7)
Scrolls
 g - a scroll of enchant weapon
 j - a scroll of noise
 t - a scroll of amnesia
Potions
 m - a potion of attraction {unknown}
 n - a potion of invisibility
 r - a potion of flight
 u - a potion of cancellation {unknown}


   Skills:
 - Level 3.0 Fighting
 + Level 7.2 Long Blades
 - Level 3.0 Dodging
 - Level 2.0 Stealth


You had 5 spell levels left.
You didn't know any spells.
Your spell library contained the following spells:

 Spells                   Type           Power      Damage    Failure   Level
 Ozocubu's Armour         Ice            0%         N/A       100%        3
 Ozocubu's Refrigeration  Ice            0%         4d5       100%        7


Dungeon Overview and Level Annotations

Branches:
Dungeon (4/15)
 Temple: D:4-7

Altars:

Shops:
D:1 !


Message History

The scorpion stings you but does no damage.
There is a stone staircase leading up here.
The orc barely misses you.
The scorpion stings you but does no damage.
You fly upwards.
There is a stone staircase leading down here.
You hit the scorpion.
The scorpion is lightly wounded.
The scorpion stings you.
You are poisoned.
The scorpion poisons you!
You closely miss the scorpion.
The scorpion is lightly wounded.
You feel very sick. The scorpion stings you!
You are more poisoned.
The scorpion poisons you! The scorpion stings you.
You are lethally poisoned!
The scorpion poisons you!
You are too injured to fight recklessly!
You are too injured to fight recklessly!
You are too injured to fight recklessly!
You feel very sick.
You feel very sick.
* * * LOW HITPOINT WARNING * * *
You feel very sick.
* * * LOW HITPOINT WARNING * * *
You feel very sick.
* * * LOW HITPOINT WARNING * * *
You feel very sick. The scorpion barely misses you.
You riposte.
You hit the scorpion.
The scorpion is lightly wounded.
* * * LOW HITPOINT WARNING * * *
You feel sick.
It was a potion of degeneration.
There was something very wrong with that liquid.
You feel weakened.
You feel dopey.
You feel clumsy.
* * * LOW HITPOINT WARNING * * *
You feel sick. The scorpion stings you.
You die...

#. ######## ###### #.
#......# #....# #.
#......#######.##.###.
#......>...........##.
#.......##..^..#......
#.....o.#.....####..#.
########.........[...# ##.#.
#...........@s.#.....#####...
#.........†..#.######........
#.........<..#.# #.#####..
#.........)..#.######...####.
#.........)..#...............
#.........[..##########.#....
#............# #####.#....
#............# #...#.#....
#............# #...+.#....


You could see a scorpion and an orc.

Vanquished Creatures
  Edmund (D:3)
  An orc priest (D:3)
  Jessica (D:2)
  Terence (D:2)
  4 gnolls (D:2)
  2 adders (D:2)
  2 worms
  A dart slug (D:1)
  4 orcs (D:3)
  7 ball pythons
  9 bats
  10 endoplasms
  3 giant cockroaches
  6 goblins
  4 hobgoblins
  7 jackals (D:1)
  5 frilled lizards
  6 kobolds
  5 rats
79 creatures vanquished.

Notes
Turn   | Place    | Note
-------+----------+-------------------------------------------
     0 | D:1      | Bapho the Human Monk began the quest for the Orb.
     0 | D:1      | Reached XP level 1. HP: 18/18 MP: 1/1
    29 | D:1      | Reached XP level 2. HP: 5/24 MP: 2/2
   613 | D:1      | Found a faded altar of an unknown god.
   906 | D:1      | Reached skill level 4 in Long Blades
   906 | D:1      | Reached XP level 3. HP: 29/29 MP: 3/3
  1377 | D:1      | Found Zybum's Distillery.
  1650 | D:2      | Reached XP level 4. HP: 35/35 MP: 4/4
  1665 | D:2      | Reached skill level 5 in Long Blades
  2476 | D:2      | Reached XP level 5. HP: 41/41 MP: 5/5
  2490 | D:2      | Noticed Terence
  2502 | D:2      | Killed Terence
  2658 | D:2      | Noticed Jessica
  2663 | D:2      | Killed Jessica
  2989 | D:2      | Reached skill level 6 in Long Blades
  3777 | D:3      | Reached XP level 6. HP: 40/47 MP: 6/6
  4167 | D:4      | Noticed Edmund
  4275 | D:3      | Killed Edmund
  4276 | D:3      | Reached skill level 7 in Long Blades
  4334 | D:3      | HP: 2/47 [poisoned by a scorpion]
  4334 | D:3      | Slain by a scorpion

Illustrated notes

Levels and vault maps discovered:
D:1:      lightli_arrival_boilingwater, layout_basic, basic_ecumenical_altar,
          serial_shops, shop_statue, minmay_misc_feat_hallway,
          minmay_small_reverse_x
D:2:      minmay_razor_zed, layout_loops_ring, patterned_corridor, uniq_jessica,
          uniq_terence
D:3:      layout_basic
D:4:      layout_basic, uniq_blork_the_orc, uniq_edmund

Skill      XL: |  1  2  3  4  5  6 |
---------------+-------------------+-----
Long Blades    | 4 5 6 7 |  7.2
Fighting       | |  3.0
Dodging        | |  3.0
Stealth        | |  2.0

Action                   |  1- 3 |  4- 6 || total
-------------------------+-------+-------++-------
Melee: Falchion          |    74 |   106 ||   180
       Unarmed           |       |    21 ||    21
 Fire: Hunting sling     |     8 |    98 ||   106
Throw: Stone             |    60 |     2 ||    62
  Use: Scroll            |       |     8 ||     8
       Potion            |       |     2 ||     2
 Stab: Confused          |       |     5 ||     5
Armor: Robe              |     6 |     3 ||     9
       Scale mail        |       |    33 ||    33
       Skin              |       |     2 ||     2
Dodge: Dodged            |    44 |    83 ||   127
Block: Other             |    10 |    40 ||    50
       Rpst.: Falchion   |    13 |    12 ||    25

Table legend: (Time is in decaauts)
 A = Elapsed time spent in this place.
 B = Non-inter-level travel time spent in this place.
 C = Inter-level travel time spent in this place.
 D = Time resting spent in this place.
 E = Time spent auto-exploring this place.
 F = Levels seen in this place.
 G = Mean time per level.
                   A        B        C        D        E       F      G
               +--------+--------+--------+--------+--------+-----+--------+
         Total |   4360 |   4211 |    149 |    371 |   3139 |   4 | 1090.0 |
       Dungeon |   4360 |   4211 |    149 |    371 |   3139 |   4 | 1090.0 |
               +--------+--------+--------+--------+--------+-----+--------+

Top non-repeatable levels by time:
     D:1: 1810 daAuts
     D:2: 1562 daAuts
     D:3: 977 daAuts
     D:4: 11 daAuts
